 Dungeon Crawl Stone Soup version 0.29.1-13-g9f3cf754e1 (webtiles) character file.

Game seed: 5447330267668648533

34 bubby the Trooper (level 3, 33/33 HPs)
             Began as a Ghoul Monk on Jan 19, 2023.
             Was a Believer of Sif Muna.
             Quit the game on level 1 of the Dungeon.
             The game lasted 00:02:59 (752 turns).

bubby the Trooper (Ghoul Monk)                       Turns: 752, Time: 00:02:59

Health: 33/33      AC:  2    Str: 16    XL:     3   Next: 31%
Magic:  2/2        EV: 12    Int:  5    God:    Sif Muna [**....]
Gold:   56         SH:  0    Dex: 11    Spells: 2/2 levels left

rFire   . . .      SeeInvis .   a - +0 mace
rCold   + . .      Faith    .   (no shield)
rNeg    + + +      Spirit   .   b - +0 robe
rPois   ∞          Reflect  .   (no helmet)
rElec   .          Harm     .   (no cloak)
rCorr   .          Rampage  .   (no gloves)
Will    .....                   (no boots)
Stlth   ++........              (no amulet)
HPRegen 0.11/turn               (no ring)
MPRegen 0.08/turn               (no ring)

@: no status effects
A: claws 1, cold resistance 1, negative energy resistance 3, inhibited
regeneration, torment resistance 2, devour on kill
a: Renounce Religion, Channel Magic


You were on level 1 of the Dungeon.
You worshipped Sif Muna.
Sif Muna was pleased with you.
You visited 1 branch of the dungeon, and saw 1 of its levels.

You collected 56 gold pieces.

Inventory:

Hand Weapons
 a - a +0 mace (weapon)
Armour
 b - a +0 robe (worn)
 d - a +0 pair of gloves
 f - a +0 chain mail
Scrolls
 g - a scroll of immolation {unknown}
Potions
 c - a potion of ambrosia
 e - a potion of invisibility {unknown}
 h - a potion of haste {unknown}


   Skills:
 + Level 3.7 Fighting
 + Level 3.0 Maces & Flails
 + Level 0.8 Armour
 + Level 3.0 Dodging
 - Level 2.3 Stealth


You had 2 spell levels left.
You didn't know any spells.
Your spell library was empty.

Dungeon Overview and Level Annotations

Branches:
Dungeon (1/15)

Altars:
Sif Muna


Innate Abilities, Weirdness & Mutations

You are immune to poison.
You have sharp fingernails.
Your flesh is cold resistant. (rC+)
You are immune to negative energy. (rN+++)
You do not regenerate when monsters are visible.
You are immune to unholy pain and torment.
You thrive by killing the living.


Message History

You hit the endoplasm.
You kill the endoplasm!
You open the door.
A dart slug comes into view.
The dart slug launches a dart at you. The slug dart hits you.
You hit the dart slug.
The dart slug is lightly wounded.
The dart slug bites you.
You sock the dart slug!
The dart slug is almost dead.
The dart slug barely misses you.
You hit the dart slug.
You kill the dart slug!
You feel better.
No target in view!
h - a pink potion You see here a +0 hand axe.
Found a faded altar of an unknown god.
A bat comes into view.
There is a fountain of clear blue water here.
A bat is nearby!
The bat closely misses you.
You hit the bat.
You kill the bat!
No target in view!
No target in view!
No target in view!
There is a faded altar of an unknown god here.
You cannot tell which god this altar belongs to.
Convert to them anyway?
Sif Muna accepts your prayer! Sif Muna welcomes you!
You can now call upon Sif Muna for magical energy.
You have 56 gold pieces.
Unknown command.
Press < or > to pray at altars.
Autopickup is now off.
Autopickup is now on.
Your library has no spells.
Are you sure you want to abandon this character and quit the game? (Confirm with "yes".)

#### ######
#.... #....#
#....# ##....#
#...##
##...#.#
#...###...##.#
##...⌠...##..#
##..@..###.##
##...##....#
#...#.....#
#...#.....#
#...#)....#
#.........#
##........#
#........#
#........#


There were no monsters in sight!

Vanquished Creatures
  3 dart slugs (D:1)
  A ball python (D:1)
  2 bats (D:1)
  3 endoplasms (D:1)
  2 giant cockroaches (D:1)
  3 goblins (D:1)
  3 hobgoblins (D:1)
  4 jackals (D:1)
  A frilled lizard (D:1)
  A rat (D:1)
23 creatures vanquished.

Notes
Turn   | Place    | Note
-------+----------+-------------------------------------------
     0 | D:1      | bubby the Ghoul Monk began the quest for the Orb.
     0 | D:1      | Reached XP level 1. HP: 19/19 MP: 0/0
    95 | D:1      | Reached XP level 2. HP: 26/26 MP: 1/1
   459 | D:1      | Reached XP level 3. HP: 25/31 MP: 2/2
   728 | D:1      | Found a faded altar of an unknown god.
   751 | D:1      | Prayed at the altar of an unknown god.
   751 | D:1      | Became a worshipper of Sif Muna the Loreminder
   751 | D:1      | Reached * piety under Sif Muna
   751 | D:1      | Reached ** piety under Sif Muna
   752 | D:1      | Quit the game

Illustrated notes

Levels and vault maps discovered:
D:1:      dpeg_arrival_shelter, layout_basic,
          hellmonk_ecumenical_altar_crossroads, nrook_uturn

Skill      XL: |  1  2 |
---------------+-------+-----
Maces & Flails | 3 |  3.0
Dodging        | 3 |  3.0
Fighting       | |  3.7
Armour         | |  0.8
Stealth        | |  2.3

Action                   || total
-------------------------++-------
Melee: Mace              ||    83
 Stab: Sleeping          ||     5
Armor: Robe              ||    18
Dodge: Dodged            ||    76
